 Dungeon Crawl Stone Soup version 0.30-a0-358-g0d69a1922f (webtiles) character file.

Game seed: 2375183157640241291

12037 retardedninja the Severer (level 11, 0/114 HPs)
             Began as a Hill Orc Fighter on Nov 10, 2022.
             Was an Initiate of Gozag.
             Slain by a black mamba (3 damage)
             ... on level 2 of the Lair of Beasts.
             The game lasted 00:19:45 (15105 turns).

retardedninja the Severer (Hill Orc Fighter)       Turns: 15105, Time: 00:19:47

Health: 0/114      AC: 17    Str: 21    XL:     11   Next: 87%
Magic:  11/11      EV:  7    Int: 15    God:    Gozag
Gold:   1146       SH:  0    Dex: 15    Spells: 10/10 levels left

rFire   . . .      SeeInvis +    y - +3 battleaxe
rCold   . . .      Faith    .    (shield currently unavailable)
rNeg    . . .      Spirit   .    a - +1 plate armour
rPois   .          Reflect  .    c - +0 hat {SInv}
rElec   .          Harm     .    (no cloak)
rCorr   +          Rampage  .    v - +0 pair of gloves
Will    .....                    (no boots)
Stlth   ..........               (no amulet)
HPRegen 0.39/turn                m - ring "Vuyfex" {rCorr Stlth+}
MPRegen 0.12/turn                u - ring "Mijoru" {Int+3 Dex+6}

@: lethally poisoned (0 -> -9), gold aura, studying Axes
A: see invisible, clever 1, robust 1, weak 1
a: Renounce Religion, Potion Petition, Call Merchant, Bribe Branch


You were on level 2 of the Lair of Beasts.
You worshipped Gozag.
Gozag was most pleased with you.
You visited 3 branches of the dungeon, and saw 13 of its levels.
You also visited: Sewer.

You collected 1244 gold pieces.
You paid 98 gold pieces to Gozag.

Inventory:

Hand Weapons
 y - a +3 battleaxe (weapon)
Missiles
 i - 3 javelins
 B - 3 throwing nets (quivered)
Armour
 a - a +1 plate armour (worn)
 c - a +0 hat of see invisible (worn)
 v - a +0 pair of gloves (worn)
Jewellery
 b - a ring of protection from cold
 j - a ring of poison resistance
 m - the ring "Vuyfex" (left hand) {rCorr Stlth+}
   (You found it on level 2 of the Dungeon)

   [ring of resist corrosion]

   rCorr:     It protects you from acid and corrosion.
   Stlth:     It makes you more stealthy.
 r - a ring of see invisible
 u - the ring "Mijoru" (right hand) {Int+3 Dex+6}
   (You found it on level 3 of the Dungeon)

   [ring of dexterity]

   Int:       It affects your intelligence (+3).
   Dex:       It affects your dexterity (+6).
 C - a ring of ice
Wands
 e - a wand of quicksilver (2)
 n - a wand of iceblast (26)
 o - a wand of paralysis (12)
Scrolls
 g - a scroll of immolation
 l - 2 scrolls of amnesia
 q - 2 scrolls of teleportation
 t - 2 scrolls of fear
Potions
 f - a potion of lignification
 h - a potion of brilliance
 s - 2 potions of haste
 x - 2 potions of magic
 z - a potion of invisibility


   Skills:
 + Level 11.7 Fighting
 + Level 16.2 Axes
 + Level 10.8 Armour
 + Level 10.8 Shields


You had 10 spell levels left.
You didn't know any spells.
Your spell library contained the following spells:

 Spells                   Type           Power      Damage    Failure   Level
 Magic Dart               Conj           0%         1d3       98%         1
 Call Imp                 Summ           0%         N/A       99%         2
 Static Discharge         Conj/Air       0%         2-2/arc   99%         2
 Gell's Gravitas          Tloc           0%         N/A       100%        3
 Mephitic Cloud           Conj/Pois/Air  0%         N/A       100%        3
 Teleport Other           Tloc           0%         N/A       100%        3
 Vhi's Electric Charge    Tloc/Air       0%         N/A       100%        3
 Arcjolt                  Conj/Air       0%         1d10      100%        5
 Lightning Bolt           Conj/Air       0%         1d11      100%        5
 Dispersal                Tloc           0%         N/A       100%        6


Dungeon Overview and Level Annotations

Branches:
Dungeon (10/15)            Temple (1/1) D:7            Lair (2/5) D:9
  Snake (0/4) Lair:2          Orc (0/2) D:10          Sewer (visited)
  Swamp: Lair:2-3    Shoals: Lair:2-3

Altars:
Ashenzari
Cheibriados
Dithmenos
Elyvilon
Fedhas
Gozag
Hepliaklqana
Kikubaaqudgha
Makhleb
Nemelex Xobeh
Okawaru
Qazlal
Ru
Trog
Uskayaw
Vehumet
Wu Jian
Yredelemnul
Zin
The Shining One

Shops:
D:2 !

Annotations:
D:10 Fannar
Lair:1 exclusion: oklob plant


Innate Abilities, Weirdness & Mutations

You have supernaturally acute eyesight. (SInv)
Your mind is acute. (Int +4, Str/Dex -1)
You are robust. (+10% HP)
You are weak. (Str -2)


Message History

The black mamba bites you!
* * * LOW HITPOINT WARNING * * *
Unknown command.
You feel better.
The black mamba bites you but does no damage.
The black mamba bites you.
* * * LOW HITPOINT WARNING * * *
You are lethally poisoned!
The black mamba poisons you!
Unknown command.
Really quaff the potion of lignification?
You turn into a tree.
Your +0 hat of see invisible melds into your body.
Your +0 pair of gloves melds into your body.
Your +1 plate armour melds into your body.
Your roots penetrate the ground.
* * * LOW HITPOINT WARNING * * *
You feel very sick.
The black mamba bites you but does no damage.
It was a potion of ambrosia.
You are confused.
You feel invigorated.
* * * LOW HITPOINT WARNING * * *
You feel very sick.
The black mamba bites you but does no damage. x2
Okay, then.
You are too confused!
Your magical effects are unravelling.
You feel magically purged.
You feel less wooden.
Your +0 hat of see invisible unmelds from your body.
Your +0 pair of gloves unmelds from your body.
Your +1 plate armour unmelds from your body.
You feel perceptive.
You feel less invigorated.
You feel less confused.
* * * LOW HITPOINT WARNING * * *
You feel very sick. The black mamba bites you.
You die...
Your body crumbles into a pile of gold.

###### #####..#.#######
#.#$...........#.
#.S@............#
#$.##...............#
#..$..##.#..####.#....P
#...$S.######## ###....
##.....# #... #.....##
#.. .....## #. ....#


P You could see a black mamba.

Vanquished Creatures
  Gastronok (D:8)
  4 black mambas
  A cane toad (Lair:1)
  An unseen horror (D:10)
  A merfolk (D:9)
  A hornet (D:7)
  23 yaks
  Sigmund (D:4)
  3 wraiths
  A steam dragon (D:8)
  A basilisk (Lair:2)
  An acid dragon (D:9)
  3 water moccasins
  2 sky beasts
  2 ice beasts
  An orc warrior (D:8)
  2 ogres
  5 black bears
  8 wolves
  4 centaurs
  3 kobold brigands
  A gnoll sergeant (D:9)
  5 bullfrogs
  4 scorpions
  3 wights (D:8)
  5 killer bees (D:8)
  6 howler monkeys
  A hound (D:5)
  4 jellies
  6 iguanas
  4 orc wizards
  9 gnolls
  9 adders
  3 river rats (Sewer)
  A white imp (D:7)
  2 ufetubi (D:5)
  3 worms
  3 dart slugs
  17 orcs
  9 ball pythons
  6 endoplasms
  A giant cockroach (D:2)
  3 goblins
  5 hobgoblins
  2 quokkas
  4 bats
  3 frilled lizards
  26 kobolds
  2 quokka zombies (D:4)
  8 rats
224 creatures vanquished.

Vanquished Creatures (others)
  8 fungi (Lair:2)
  7 plants (Lair:2)
15 creatures vanquished.

Grand Total: 239 creatures vanquished

Notes
Turn   | Place    | Note
-------+----------+-------------------------------------------
     0 | D:1      | retardedninja the Hill Orc Fighter began the quest for the
                  | Orb.
     0 | D:1      | Reached XP level 1. HP: 19/19 MP: 1/1
    75 | D:1      | Reached XP level 2. HP: 27/27 MP: 2/2
   128 | D:1      | Reached skill level 3 in Axes
   202 | D:1      | Reached XP level 3. HP: 33/33 MP: 3/3
   661 | D:2      | Found Zamop's Distillery.
   926 | D:2      | Reached XP level 4. HP: 32/40 MP: 4/4
  1091 | D:2      | Identified the ring "Vuyfex" {rCorr Stlth+}
  1405 | D:3      | Identified the ring "Mijoru" {Int+3 Dex+6}
  1948 | D:4      | Found a glowing drain.
  1952 | Sewer    | Entered a sewer
  2095 | Sewer    | Reached skill level 4 in Axes
  2095 | Sewer    | Reached XP level 5. HP: 24/47 MP: 5/5
  2779 | D:4      | Noticed a black bear
  2786 | D:4      | Killed a black bear
  2787 | D:4      | Reached skill level 5 in Fighting
  2787 | D:4      | Reached XP level 6. HP: 55/56 MP: 6/6
  2853 | D:4      | Reached skill level 5 in Axes
  2893 | D:4      | Noticed Sigmund
  2901 | D:4      | Killed Sigmund
  2902 | D:4      | Reached skill level 5 in Armour
  2902 | D:4      | Reached skill level 5 in Shields
  2902 | D:4      | Reached XP level 7. HP: 61/61 MP: 7/7
  3495 | D:5      | Entered Level 5 of the Dungeon
  3556 | D:5      | Reached skill level 6 in Axes
  4275 | D:5      | Noticed a yak
  4276 | D:5      | Noticed a yak
  4276 | D:5      | Noticed a yak
  4281 | D:5      | Noticed a yak
  4282 | D:5      | Noticed a yak
  4283 | D:5      | Noticed a yak
  4294 | D:5      | Killed a yak
  4295 | D:5      | Reached skill level 7 in Axes
  4295 | D:5      | Reached XP level 8. HP: 56/71 MP: 8/8
  4305 | D:5      | Killed a yak
  4318 | D:5      | Killed a yak
  4319 | D:5      | Reached skill level 8 in Axes
  4319 | D:5      | Killed a yak
  4323 | D:5      | Killed a yak
  4337 | D:5      | Killed a yak
  4338 | D:5      | Reached skill level 9 in Axes
  4862 | D:5      | Reached XP level 9. HP: 58/80 MP: 9/9
  6209 | D:6      | Reached skill level 10 in Axes
  7105 | D:7      | Gained mutation: Your mind is acute. (Int +4, Str/Dex -1)
                  | [potion of mutation]
  7105 | D:7      | Gained mutation: You have supernaturally acute eyesight.
                  | (SInv) [potion of mutation]
  7105 | D:7      | Gained mutation: You are weak. (Str -2) [potion of
                  | mutation]
  7105 | D:7      | Gained mutation: You are robust. (+10% HP) [potion of
                  | mutation]
  7234 | D:7      | Noticed a hornet
  7249 | D:7      | Killed a hornet
  7250 | D:7      | Reached skill level 11 in Axes
  8028 | D:7      | Found a staircase to the Ecumenical Temple.
  8356 | Temple   | Entered the Ecumenical Temple
  8483 | Temple   | Became a worshipper of Gozag Ym Sagoz the Greedy
  8687 | D:8      | Reached XP level 10. HP: 93/100 MP: 10/10
  8740 | D:8      | Reached skill level 12 in Axes
 10011 | D:8      | Noticed Gastronok
 10029 | D:8      | Killed Gastronok
 10030 | D:8      | Reached skill level 13 in Axes
 10536 | D:8      | Reached skill level 10 in Fighting
 10818 | D:8      | Identified a scroll of acquirement
 10829 | D:7      | Acquired the +1 kite shield of Exclusion {Stlth+}
 11010 | D:9      | Reached skill level 14 in Axes
 11754 | D:9      | Found a staircase to the Lair.
 11939 | D:9      | Reached XP level 11. HP: 70/111 MP: 11/11
 12090 | D:10     | Entered Level 10 of the Dungeon
 12090 | D:10     | Found a staircase to the Orcish Mines.
 12115 | D:10     | Found a glowing silver altar of Zin.
 12115 | D:10     | Noticed an angel
 12248 | D:10     | Identified the +0 robe of Anarchy {Int+5}
 12356 | D:10     | Identified the +3 leather armour "Qatay" {rF+ MP+9 Dex-4}
 12370 | D:10     | Found a blossoming altar of Fedhas.
 12371 | D:10     | Noticed Fannar
 12407 | Lair:1   | Entered Level 1 of the Lair of Beasts
 13133 | Lair:1   | Reached skill level 10 in Armour
 13133 | Lair:1   | Reached skill level 10 in Shields
 13302 | Lair:1   | Noticed an oklob plant
 13466 | Lair:1   | Reached skill level 15 in Axes
 13713 | Lair:1   | Noticed a fire dragon
 14659 | Lair:2   | Reached skill level 16 in Axes
 14935 | Lair:2   | Found a staircase to the Snake Pit.
 15101 | Lair:2   | HP: 2/114 [black mamba (14)]
 15105 | Lair:2   | Slain by a black mamba

Illustrated notes

Levels and vault maps discovered:
D:1:      scummos_arrival_simple_fountains, layout_rooms,
          dreamdust_princess_bridge, minmay_misc_feat_x, minivault_11,
          kennysheep_nondescript
D:2:      minmay_angry_zag, layout_basic, serial_shops, shop,
          minmay_pentomino_x4
D:3:      layout_loops_cross, hangedman_abyss_or_decor_stabs
D:4:      layout_loops_cross, enter_ossuary_4, gup_sewer_entry_bowl,
          minmay_manual_macuahuitl, uniq_sigmund
D:5:      layout_loops_ring
D:6:      layout_loops_ring, serial_rivers, chequers_serial_rivers_micro_b,
          chequers_serial_rivers_micro_c, chequers_serial_rivers_micro_d,
          chequers_serial_rivers_micro_d, chequers_serial_rivers_small_b
D:7:      layout_basic, minmay_temple_entry_drinking_statues
D:8:      layout_loops_ring, amcnicky_mini_rare_corridor_liquid,
          kennysheep_crisscross, dk_rats_in_the_wall, uniq_gastronok
D:9:      layout_roguey, lair_entry_dummy, hangedman_fish_farm
D:10:     layout_gridville, jmf_multi_god_temple,
          mainiacjoe_overflow_cross_hatched, zin_angel, orc_0_dummy,
          uniq_joseph, uniq_fannar
Temple:   regret_index_temple_chain_breaker
Lair:1:   dragon1_lemuel, layout_gridlike, minmay_lair_oklob_bushes,
          minmay_holes, beast_lair_carwin_4, infiniplex_staircase_pool,
          serial_bayou_shore_b
Lair:2:   layout_concentric_octagons, guppyfry_snake_entry_island,
          nicolae_volcano_entry_vermiform

Skill      XL: |  1  2  3  4  5  6  7  8  9 10 11 |
---------------+----------------------------------+-----
Axes           | 3 4 5 7 9 11 14 16 | 16.2
Fighting       | 4 5 6 7 9 10 11 | 11.7
Shields        | 4 5 7 8 9 10 | 10.8
Armour         | 4 5 7 8 9 10 | 10.8

Action                   |  1- 3 |  4- 6 |  7- 9 | 10-12 || total
-------------------------+-------+-------+-------+-------++-------
Melee: War axe           |    81 |   158 |   250 |       ||   489
       Battleaxe         |       |       |       |   297 ||   297
Throw: Throwing net      |       |       |       |     1 ||     1
  Use: Scroll            |       |     3 |    14 |    15 ||    32
       Potion            |       |     2 |     5 |    11 ||    18
 Stab: Invisible         |       |       |     5 |       ||     5
       Sleeping          |       |       |     1 |       ||     1
       Distracted        |       |       |       |     4 ||     4
Armor: Scale mail        |    33 |    74 |     5 |       ||   112
       Chain mail        |       |       |    97 |    57 ||   154
       Plate armour      |       |       |       |   159 ||   159
       Skin              |       |       |       |     3 ||     3
Dodge: Dodged            |    37 |    59 |    62 |   132 ||   290
Block: Buckler           |    22 |    47 |    51 |       ||   120

Table legend: (Time is in decaauts)
 A = Elapsed time spent in this place.
 B = Non-inter-level travel time spent in this place.
 C = Inter-level travel time spent in this place.
 D = Time resting spent in this place.
 E = Time spent auto-exploring this place.
 F = Levels seen in this place.
 G = Mean time per level.
                   A        B        C        D        E       F      G
               +--------+--------+--------+--------+--------+-----+--------+
         Total |  15285 |  14764 |    521 |   5367 |   7429 |  14 | 1091.8 |
       Dungeon |  12063 |  11565 |    498 |   4049 |   6056 |  10 | 1206.3 |
        Temple |    145 |    122 |     23 |      0 |    101 |   1 |  145.0 |
          Lair |   2238 |   2238 |      0 |   1041 |    867 |   2 | 1119.0 |
         Sewer |    837 |    837 |      0 |    276 |    404 |   1 |  837.0 |
               +--------+--------+--------+--------+--------+-----+--------+

Top non-repeatable levels by time:
     D:5: 2597 daAuts
     D:7: 2015 daAuts
     D:8: 1688 daAuts
     D:9: 1644 daAuts
  Lair:1: 1477 daAuts
     D:6: 988 daAuts
     D:4: 955 daAuts
   Sewer: 837 daAuts
  Lair:2: 761 daAuts
     D:2: 663 daAuts
     D:3: 604 daAuts
     D:1: 598 daAuts
    D:10: 307 daAuts
  Temple: 145 daAuts
